 Dungeon Crawl Stone Soup version 0.28.0-49-g6dfe1f597d (webtiles) character file.

Game seed: 14265727288428015080

934 Exodus22XD the Chopper (level 7, -3/61 HPs)
             Began as a Minotaur Fighter on May 19, 2022.
             Was a Believer of Ru.
             Slain by an orc warrior
             ... wielding a +0 long sword
              (14 damage)
             ... on level 5 of the Dungeon.
             The game lasted 00:05:11 (3637 turns).

Exodus22XD the Chopper (Minotaur Fighter)           Turns: 3637, Time: 00:05:12

Health: -3/61      AC: 14    Str: 23    XL:     7   Next: 86%
Magic:  6/6        EV:  9    Int:  5    God:    Ru [**....]
Gold:   208        SH:  4    Dex:  9    Spells: 6/6 levels left

rFire   . . .      SeeInvis .   a - +0 war axe
rCold   . . .      Faith    .   c - +0 buckler
rNeg    . . .      Spirit   .   b - +0 scale mail
rPois   .          Reflect  .   (helmet restricted)
rElec   .          Harm     .   y - +0 cloak
rCorr   +          Rampage  .   (no gloves)
Will    .....                   g - +0 pair of boots
Stlth   ..........              (no amulet)
HPRegen 0.20/turn               q - +4 ring of protection
MPRegen 0.10/turn               v - ring of resist corrosion

@: no status effects
A: horns 2, hated by all, no fire magic, no summoning magic, no transmutations
magic, retaliatory headbutt
a: Renounce Religion


You were on level 5 of the Dungeon.
You worshipped Ru.
Ru was pleased with you.
You visited 1 branch of the dungeon, and saw 5 of its levels.

You collected 208 gold pieces.

Inventory:

Hand Weapons
 a - a +0 war axe (weapon)
 s - a +1 whip of flaming
Armour
 b - a +0 scale mail (worn)
 c - a +0 buckler (worn)
 g - a +0 pair of boots (worn)
 y - a +0 cloak (worn)
Jewellery
 o - a ring of ice
 q - a +4 ring of protection (left hand)
 v - a ring of resist corrosion (right hand)
Wands
 x - a wand of mindburst (9)
Scrolls
 e - a scroll of enchant armour {unknown}
 f - 4 scrolls of teleportation
 m - a scroll of blinking {unknown}
 n - a scroll of amnesia
 p - a scroll of immolation {unknown}
 t - 2 scrolls of brand weapon
 w - a scroll of summoning {unknown}
Potions
 d - a potion of might
 h - a potion of curing {unknown}
 i - a potion of invisibility {unknown}
 j - a potion of heal wounds {unknown}
 k - 3 potions of brilliance
 l - a potion of magic {unknown}
 r - a potion of haste {unknown}
 u - a potion of degeneration {unknown}


   Skills:
 + Level 5.6 Fighting
 + Level 7.8 Axes
 + Level 6.4 Armour
 + Level 5.1 Shields


You had 6 spell levels left.
You didn't know any spells.
Your spell library contained the following spells:

 Spells                   Type           Power      Damage    Failure   Level
 Shock                    Conj/Air       0%         1d3       85%         1
 Swiftness                Air            0%         N/A       99%         3
 Airstrike                Air            0%         N/A       100%        4
 Passage of Golubria      Tloc           0%         N/A       100%        4
 Silence                  Hex/Air        0%         N/A       100%        5
 Lehudib's Crystal Spear  Conj/Erth      0%         10d2      100%        8


Dungeon Overview and Level Annotations

Branches:
Dungeon (5/15)             Temple (0/1) D:5

Altars:
Ru
Wu Jian


Innate Abilities, Weirdness & Mutations

You have a pair of horns on your head.
You are hated by all.
You cannot study or cast Fire magic.
You cannot study or cast Summoning magic.
You cannot study or cast Transmutations magic.
You reflexively headbutt those who attack you in melee.


Message History

The orc is moderately wounded.
The orc hits you but does no damage.
You slash the orc!
You kill the orc!
You closely miss the orc warrior.
The orc warrior hits you with a +0 long sword!
You are too injured to fight recklessly!
You are too injured to fight recklessly!
You are too injured to fight recklessly!
You hit the orc warrior but do no damage.
You headbutt the orc warrior!
The orc warrior is moderately wounded.
The orc warrior hits you with a +0 long sword.
You closely miss the orc warrior. Your headbutt misses the orc warrior.
The orc warrior is moderately wounded.
You block the orc warrior's attack.
The orc warrior hits you with a +0 long sword!
You focus your inner power and blind the orc warrior in retribution!
You barely miss the orc warrior.
The orc warrior is moderately wounded.
The orc warrior hits you but does no damage.
You hit the orc warrior.
The orc warrior is moderately wounded.
You block the orc warrior's attack.
You slash the orc warrior!
The orc warrior is severely wounded.
The orc warrior hits you with a +0 long sword!
* * * LOW HITPOINT WARNING * * *
You hit the orc warrior.
The orc warrior is almost dead.
The orc warrior barely misses you.
You closely miss the orc warrior.
The orc warrior is almost dead.
You block the orc warrior's attack.
You catch the helpless orc warrior completely off-guard!
You hit the orc warrior but do no damage.
The orc warrior is almost dead.
The orc warrior is no longer blind.
The orc warrior hits you with a +0 long sword!
You die...

#.........##..#.#
#..##.....##..#.##
#..##.._.........##
#.............#...#######
#...(....≈≈...#....##.#.##
##...§≈§.≈≈..#......#....#
##...§≈......#...........#
##.#.....[....o...........#
#...##.....##@)..#........#
#.....#####)...#.........##
#.........)#####..#......###
# ####........#
#...#........###
##.....####..##(...........
##....## #.# #...........#
#####.....# ..
#.......###... ##..#....###
##......##.... #.........#
#.>....###...


You could see an orc warrior.

Vanquished Creatures
  Duvessa (D:5)
  A necrophage (D:3)
  3 ogres
  A phantom (D:4)
  A scorpion (D:5)
  Dowan (D:5)
  A howler monkey (D:4)
  2 jellies
  A bullfrog skeleton (D:4)
  An iguana (D:4)
  An orc wizard (D:4)
  4 gnolls (D:3)
  3 adders
  A white imp (D:5)
  A worm (D:2)
  2 dart slugs
  11 orcs
  6 endoplasms
  5 giant cockroaches
  5 goblins
  9 hobgoblins
  7 kobolds
  2 quokkas
  5 ball pythons
  3 bats
  2 frilled lizards (D:2)
  4 rats
84 creatures vanquished.

Notes
Turn   | Place    | Note
-------+----------+-------------------------------------------
     0 | D:1      | Exodus22XD the Minotaur Fighter began the quest for the
                  | Orb.
     0 | D:1      | Reached XP level 1. HP: 19/19 MP: 0/0
    43 | D:1      | Found a faded altar of an unknown god.
   149 | D:1      | Prayed at the altar of an unknown god.
   149 | D:1      | Became a worshipper of Ru the Awakened
   155 | D:1      | Gained mutation: You cannot study or cast Fire magic. [Ru
                  | sacrifice]
   155 | D:1      | Gained mutation: You cannot study or cast Transmutations
                  | magic. [Ru sacrifice]
   155 | D:1      | Gained mutation: You cannot study or cast Summoning magic.
                  | [Ru sacrifice]
   155 | D:1      | Reached * piety under Ru
   333 | D:1      | Reached XP level 2. HP: 24/27 MP: 1/1
  1081 | D:2      | Reached skill level 3 in Axes
  1081 | D:2      | Reached XP level 3. HP: 21/33 MP: 2/2
  2041 | D:3      | Reached XP level 4. HP: 40/40 MP: 3/3
  2091 | D:3      | Noticed a necrophage
  2111 | D:3      | Killed a necrophage
  2112 | D:3      | Reached skill level 4 in Axes
  2112 | D:3      | Reached XP level 5. HP: 45/47 MP: 4/4
  2307 | D:4      | Reached skill level 5 in Axes
  2311 | D:4      | Reached skill level 5 in Armour
  2346 | D:4      | Gained mutation: You are hated by all. [Ru sacrifice]
  2346 | D:4      | Reached ** piety under Ru
  2362 | D:4      | Noticed a phantom
  2374 | D:4      | Killed a phantom
  2375 | D:4      | Reached XP level 6. HP: 42/53 MP: 5/5
  2575 | D:4      | Reached skill level 6 in Axes
  2577 | D:4      | Reached skill level 5 in Fighting
  2756 | D:3      | Reached XP level 7. HP: 36/61 MP: 6/6
  2920 | D:4      | Reached skill level 5 in Shields
  3250 | D:5      | Entered Level 5 of the Dungeon
  3333 | D:5      | Found a staircase to the Ecumenical Temple.
  3343 | D:5      | Reached skill level 7 in Axes
  3461 | D:5      | Found an ornate altar of the Wu Jian Council.
  3514 | D:5      | Noticed Duvessa
  3516 | D:5      | Noticed Dowan
  3536 | D:5      | Killed Duvessa
  3545 | D:5      | Killed Dowan
  3637 | D:5      | Slain by an orc warrior

Illustrated notes

Levels and vault maps discovered:
D:1:      dpeg_arrival_rooms_c, layout_basic, basic_ecumenical_altar
D:2:      layout_basic
D:3:      layout_basic, minmay_surrounded
D:4:      layout_cave_pools
D:5:      layout_cave_pools, nicolae_wu_jian_wuxing_cycle, serial_column_ruins,
          column_ruins_columns_corner, column_ruins_grid_1, column_ruins_grid_3,
          column_ruins_grid_1, column_ruins_open_small, uniq_duvessa

Skill      XL: |  1  2  3  4  5  6  7 |
---------------+----------------------+-----
Fighting       | 4 5 |  5.6
Armour         | 4 5 6 |  6.4
Shields        | 4 5 |  5.1
Axes           | 3 4 5 6 7 |  7.8

Action                   |  1- 3 |  4- 6 |  7- 9 || total
-------------------------+-------+-------+-------++-------
Melee: War axe           |    99 |    77 |    47 ||   223
       Headbutt          |     8 |    10 |    12 ||    30
Invok: Sacrifice Arcana  |     1 |       |       ||     1
       Sacrifice Love    |       |     1 |       ||     1
  Use: Scroll            |       |     4 |       ||     4
 Stab: Invisible         |       |       |     1 ||     1
Armor: Scale mail        |    55 |    41 |    13 ||   109
Dodge: Dodged            |    45 |    38 |    16 ||    99
Block: Buckler           |    25 |    12 |    10 ||    47
